cohdb
Replays
Latest Replays
All Replays
Popular Replays
Top Player Replays
Match Explorer
How It Works
Community
CoH3 Stats
Reddit
Sign in to upload your games and track your stats! →
Sign in with Steam
Match 39521426
Unlisted
Match 39521426
Overview
Messages
Build Orders
End
Royal Engineer Section
Construct Section Command Post
Selects Canadian Shock Battlegroup
Vickers Machine Gun Team
Infantry Section
Selects Attacking Spirit
Selects Canadian Shock Section
Canadian Shock Section
Canadian Shock Section
Construct Platoon Command Post
Selects Point Assault
Tehrum
Frostfire
3rdDUI
IronCross
0
0
Comments
sign in to comment!
No comments posted yet!